 Dungeon Crawl Stone Soup version 0.26-a0-695-g987792ac36 (webtiles) character file.

Game seed: 6425439763409542655

737 Misha the Spear-Bearer (level 7, -7/53 HPs)
             Began as a Merfolk Gladiator on Oct 26, 2020.
             Was a Plaything of Xom.
             Mangled by a sun demon (15 damage)
             ... summoned by Xom
             ... on level 5 of the Dungeon.
             The game lasted 00:06:50 (4125 turns).

Misha the Spear-Bearer (Merfolk Gladiator)          Turns: 4125, Time: 00:06:51

Health: -7/53      AC:  7    Str: 16    XL:     7   Next: 75%
Magic:  7/7        EV: 13    Int:  7    God:    Xom [......]
Gold:   117        SH:  0    Dex: 16    Spells: 6/6 levels left

rFire    . . .     SeeInvis .   a - +1 trident
rCold    . . .     Faith    .   (no shield)
rNeg     . . .     Spirit   .   o - +0 ring mail
rPois    .         Reflect  .   c - +1 helmet
rElec    .         Harm     .   (no cloak)
rCorr    .         Rampage  .   (no gloves)
MR       .....                  (no boots)
Stlth    +.........             (no amulet)
HPRegen  0.17/turn              (no ring)
MPRegen  0.10/turn              (no ring)

@: drained
A: change form in water, swift swim, stealthy swim
a: Renounce Religion


You were on level 5 of the Dungeon.
You worshipped Xom.
You were a very special plaything of Xom.
You visited 1 branch of the dungeon, and saw 5 of its levels.

You collected 217 gold pieces.
You spent 100 gold pieces at shops.

Inventory:

Hand Weapons
 a - a +1 trident (weapon)
Missiles
 d - 3 throwing nets (quivered)
Armour
 b - the +0 buckler of Tenacity {rF++ Str-3 Int+2}
   (Xom gifted it to you on level 4 of the Dungeon)

   It affects your strength (-3).
   It affects your intelligence (+2).
   It greatly protects you from fire.
 c - a +1 helmet (worn)
 o - a +0 ring mail (worn)
Jewellery
 q - an uncursed ring of fire
Scrolls
 e - 7 scrolls of teleportation
 j - 5 scrolls of identify
 m - 2 scrolls of enchant armour
Potions
 h - a potion of heal wounds {unknown}
 l - 3 potions of curing
 n - a potion of mutation {unknown}
 p - 2 potions of degeneration {unknown}
 r - a potion of resistance {unknown}


   Skills:
 + Level 3.7(3.0) Fighting
 + Level 9.1(8.2) Polearms
 + Level 2.1(1.3) Throwing
 + Level 2.7(2.0) Armour
 + Level 5.7(4.9) Dodging
 + Level 1.6(0.9) Stealth


You had 6 spell levels left.
You didn't know any spells.
Your spell library was empty.

Dungeon Overview and Level Annotations

Branches:
Dungeon (5/15)
 Temple: D:4-7

Altars:
Kikubaaqudgha
Makhleb
Xom

Shops:
D:4 ?*:


Message History

Found 15 stones.
You see here 15 stones.
A sky beast comes into view.
Found a stone staircase leading up. "Time to have some fun!"
The sun demon hits you!!
You are engulfed in flames!!
* * * LOW HITPOINT WARNING * * *
The sky beast flickers out of sight!
Deactivating autopickup; reactivate with Ctrl-A.
You are too injured to fight recklessly!
You are too injured to fight recklessly!
Unknown command.
Unknown command.
You feel better.
The quasit bites you but does no damage.
The quasit completely misses you. The quasit misses you.
The sun demon hits you!
* * * LOW HITPOINT WARNING * * *
You are engulfed in flames!
You die...

#.......####..##
.....##.....#....###
.######.#.#........#
....#.))#........#.##
.......###..###.....####
##.##).###.## ##........
#.......#.####.5.......
####..#....##..4.......
#..##......5@3......
#####......###.....{....
#...........###......<..
#......>..#...##...##...
#.............####... ..
#......(..#...# #### #
#.........#####
#.........# #.........#


You could see a sun demon (summoned), an ice devil (summoned), a quasit
(summoned) and a crimson imp (summoned).

Vanquished Creatures
  An ice beast (D:5)
  A phantom (D:4)
  2 ogres (D:4)
  A scorpion (D:4)
  2 hounds
  A bullfrog skeleton (D:4)
  An orc wizard (D:3)
  Natasha (thrice) (D:4)
  2 worker ants (D:4)
  A gnoll (D:5)
  2 adders
  4 worms
  A dart slug (D:1)
  A leopard gecko (D:1)
  6 orcs
  2 ball pythons
  3 giant cockroaches
  10 goblins
  7 hobgoblins
  3 jackals (D:4)
  5 kobolds
  3 quokkas
  6 bats
  10 frilled lizards
  A quokka zombie (D:5)
  9 rats
88 creatures vanquished.

Vanquished Creatures (collateral kills)
  2 orcs (D:5)
2 creatures vanquished.

Vanquished Creatures (others)
  A human (D:2)
1 creature vanquished.

Grand Total: 91 creatures vanquished

Notes
Turn   | Place    | Note
-------+----------+-------------------------------------------
     0 | D:1      | Misha the Merfolk Gladiator began the quest for the Orb.
     0 | D:1      | Reached XP level 1. HP: 16/16 MP: 1/1
    57 | D:1      | Reached XP level 2. HP: 22/22 MP: 2/2
   345 | D:1      | Reached skill level 5 in Polearms
  1083 | D:1      | Reached XP level 3. HP: 28/28 MP: 3/3
  1215 | D:2      | Found an ancient bone altar of Kikubaaqudgha.
  1215 | D:2      | Noticed a human
  1219 | D:2      | Killed a human
  1803 | D:2      | Reached XP level 4. HP: 34/34 MP: 4/4
  2362 | D:3      | Reached skill level 6 in Polearms
  2386 | D:3      | Reached skill level 1 in Armour
  2709 | D:3      | Found a shimmering altar of Xom.
  2715 | D:3      | Reached XP level 5. HP: 39/39 MP: 5/5
  2721 | D:3      | Became a worshipper of Xom of Chaos
  2907 | D:3      | Found a burning altar of Makhleb.
  2915 | D:3      | Reached skill level 1 in Stealth
  2946 | D:3      | XOM: noise
  3102 | D:4      | Reached skill level 5 in Dodging
  3143 | D:4      | Noticed Natasha
  3149 | D:4      | Killed Natasha
  3190 | D:4      | Reached skill level 7 in Polearms
  3223 | D:4      | XOM: cloud trail
  3227 | D:4      | Found Xyruilis's Assorted Antiques.
  3235 | D:4      | Bought a scroll of remove curse for 75 gold pieces
  3235 | D:4      | Bought a scroll labeled QASUUB MEFI for 25 gold pieces
  3271 | D:4      | Reached XP level 6. HP: 46/47 MP: 6/6
  3427 | D:4      | Noticed a phantom
  3447 | D:4      | Killed a phantom
  3447 | D:4      | Reached skill level 8 in Polearms
  3505 | D:4      | XOM: noise
  3508 | D:4      | XOM: cast spell 'Alistair's Intoxication'
  3520 | D:4      | Reached XP level 7. HP: 41/52 MP: 7/7
  3582 | D:4      | Noticed Natasha
  3591 | D:4      | Killed Natasha
  3610 | D:4      | Noticed Natasha
  3618 | D:4      | Killed Natasha
  3634 | D:4      | XOM: cloud trail
  3674 | D:4      | XOM: god gift: blackened buckler {god gift}
  3675 | D:4      | Got a blackened buckler {god gift}
  3681 | D:4      | Identified the +0 buckler of Tenacity {rF++ Str-3 Int+2}
                  | (Xom gifted it to you on level 4 of the Dungeon)
  3770 | D:4      | Found Bismusch's Magic Scroll Emporium.
  3872 | D:4      | Found Kabifa's Book Boutique.
  3924 | D:4      | You fall into a shaft and drop 1 floor!
  3924 | D:5      | Entered Level 5 of the Dungeon
  3926 | D:5      | XOM: summons 2 friendly demons
  3935 | D:5      | XOM: confusion
  3936 | D:5      | XOM: polymorph orc -> gnoll
  3946 | D:5      | XOM: draining
  3963 | D:5      | Reached skill level 9 in Polearms
  4123 | D:5      | XOM: summons 4 hostile demons
  4124 | D:5      | Noticed an ice devil
  4124 | D:5      | Noticed a sun demon
  4125 | D:5      | Mangled by a sun demon

Illustrated notes

Levels and vault maps discovered:
D:1:      lemuel_arrival_room, layout_basic, minmay_stone_trees_small
D:2:      layout_basic, tgw_kikubaaqudgha
D:3:      layout_loops_ring, lemuel_crystal_altar, makhleb_blood_cavern_becter
D:4:      layout_loops_ring, serial_shops, shop, nicolae_shop_window_shopping,
          shop, uniq_natasha, uniq_menkaure
D:5:      layout_rooms, serial_shops, shop, nicolae_ossuary_entry_ruins

Skill      XL: |  1  2  3  4  5  6  7 |
---------------+----------------------+-----
Polearms       | 5 6 7 8 9 |  9.1
Armour         | 1 2 |  2.7
Stealth        | 1 |  1.6
Dodging        | 5 |  5.7
Fighting       | 3 |  3.7
Throwing       | |  2.1

Action                   |  1- 3 |  4- 6 |  7- 9 || total
-------------------------+-------+-------+-------++-------
Melee: Trident           |   154 |   146 |    60 ||   360
  Use: Scroll            |       |    11 |     1 ||    12
       Potion            |       |       |     1 ||     1
 Stab: Sleeping          |     3 |       |       ||     3
       Distracted        |       |       |     1 ||     1
Armor: Leather armour    |    25 |       |       ||    25
       Ring mail         |     6 |    22 |    20 ||    48
Dodge: Dodged            |    83 |    87 |    38 ||   208

Table legend: (Time is in decaauts)
 A = Elapsed time spent in this place.
 B = Non-inter-level travel time spent in this place.
 C = Inter-level travel time spent in this place.
 D = Time resting spent in this place.
 E = Time spent auto-exploring this place.
 F = Levels seen in this place.
 G = Mean time per level.
                   A        B        C        D        E       F      G
               +--------+--------+--------+--------+--------+-----+--------+
         Total |   4136 |   4095 |     41 |    228 |   3059 |   5 |  827.2 |
       Dungeon |   4136 |   4095 |     41 |    228 |   3059 |   5 |  827.2 |
               +--------+--------+--------+--------+--------+-----+--------+

Top non-repeatable levels by time:
     D:2: 1184 daAuts
     D:1: 1162 daAuts
     D:4: 842 daAuts
     D:3: 749 daAuts
     D:5: 197 daAuts
